 Dungeon Crawl Stone Soup version 0.20.1-1-g8b1a95d (webtiles) character file.

141 Linguinho the Grave Robber (level 5, -3/28 HPs)
             Began as a Deep Elf Necromancer on Oct 28, 2017.
             Slain by a gnoll
             ... wielding a +0 spear
              (9 damage)
             ... on level 2 of the Dungeon.
             The game lasted 00:15:34 (3176 turns).

Linguinho the Grave Robber (Deep Elf Necromancer)   Turns: 3176, Time: 00:15:35

Health: -3/28      AC:  2    Str:  5    XL:     5   Next: 3%
Magic:  10/14      EV: 13    Int: 21    God:
Gold:   165        SH:  0    Dex: 15    Spells: 2/14 levels left

rFire    . . .     SeeInvis .   (no weapon)
rCold    . . .     Gourm    .   (no shield)
rNeg     . . .     Faith    .   a - +0 robe
rPois    .         Spirit   .   (no helmet)
rElec    .         Reflect  .   (no cloak)
rCorr    .         Harm     .   (no gloves)
MR       .....                  (no boots)
Stlth    ++........             (no amulet)
Regen    0.1/turn               (no ring)
MPRegen  0.2/turn               (no ring)

@: no status effects
A: no striking features
a: no special abilities


You were on level 2 of the Dungeon.
You were hungry.

You visited 1 branch of the dungeon, and saw 3 of its levels.

You collected 165 gold pieces.

Inventory:

Armour
 a - a +0 robe (worn)
 l - a +0 pair of boots
Jewellery
 g - an uncursed amulet of rage {unknown}
Wands
 p - a wand of confusion (15/48)
Scrolls
 d - a scroll of random uselessness {unknown}
 e - a scroll of recharging {unknown}
 f - a scroll of remove curse {unknown}
 h - 2 scrolls of noise {unknown}
 k - a scroll of identify {unknown}
 m - a scroll of enchant weapon {unknown}
Potions
 i - a potion of brilliance {unknown}
 j - a potion of curing {unknown}
 o - a potion of lignification {unknown}
 r - 2 potions of degeneration {unknown}
Books
 b - a book of Necromancy

   Spells                             Type                      Level
   a - Pain                           Necromancy                   1
   b - Animate Skeleton               Necromancy                   1
   c - Vampiric Draining              Necromancy                   3
   d - Regeneration                   Charms/Necromancy            3
   e - Animate Dead                   Necromancy                   4
   f - Control Undead                 Necromancy                   4
 n - a book of Changes

   Spells                             Type                      Level
   a - Beastly Appendage              Transmutation                1
   b - Sticks to Snakes               Transmutation                2
   c - Spider Form                    Transmutation/Poison         3
   d - Ice Form                       Ice/Transmutation            4
   e - Blade Hands                    Transmutation                5
Comestibles
 c - a bread ration
 q - a meat ration


   Skills:
 + Level 0.1 Fighting
 + Level 2.7 Dodging
 + Level 2.4 Stealth
 + Level 5.3 Spellcasting
 + Level 6.2 Necromancy


You had 2 spell levels left.
You knew the following spells:

 Your Spells              Type           Power        Failure   Level  Hunger
a - Pain                  Necr           ####         1%          1    None
b - Animate Skeleton      Necr           N/A          1%          1    None
c - Regeneration          Chrm/Necr      ###.......   9%          3    ##.....
d - Animate Dead          Necr           N/A          8%          4    ####...
e - Vampiric Draining     Necr           ####......   2%          3    ##.....


Dungeon Overview and Level Annotations

Branches:
Dungeon (3/15)

Altars:
Okawaru
Ru
Trog


Message History

Press: ? - help, Shift-Dir - straight line, f - gnoll
Aim: a gnoll, wielding a spear (chance to defeat MR: 89%)
The gnoll barely resists.
The gnoll hits you with a spear! The gnoll hits you with a flail.
* * * LOW HITPOINT WARNING * * *
The gnoll hits you with a spear.
* * * LOW HITPOINT WARNING * * *
The gnoll misses you.
You climb upwards.
There is a stone staircase leading down here.
Casting: Pain
Confirm with . or Enter, or press ? or * to list all spells.
Aiming: Vampiric Draining
Press: ? - help, Shift-Dir - straight line, f - gnoll
Aim: a gnoll, wielding a spear The gnoll is severely wounded.
You feel life coursing into your body.
You are feeling hungry.
The gnoll hits you with a spear!
You die...

.#....# #...######
.#.##.###.#......#
....#.....######.#
.###.##.### #.# ##
##.#.# #.# # #...# #.#
## ##.######## #.#
.###.........# #g#####
#...#####....# #@g...#
#)#######.#### #####.#
.......##.# #[#
#######.#.# #.#
..≈≈≈..#..# #.#
.≈...≈..#.## #.#
.≈._.≈...#.#########.#
.≈...≈..#............#
..≈≈≈..#...###########


You could see 2 gnolls.

Vanquished Creatures
  A hound (D:3)
  A gnoll (D:3)
  3 adders
  5 worms
  2 leopard geckos
  3 bats
  3 giant cockroaches
  8 hobgoblins
  2 jackals (D:2)
  5 kobolds
  A quokka (D:2)
  4 ball pythons
  7 frilled lizards
  4 goblins
  3 rats
52 creatures vanquished.

Vanquished Creatures (collateral kills)
  An adder (D:2)
  A kobold (D:2)
  A rat (D:3)
3 creatures vanquished.

Grand Total: 55 creatures vanquished

Notes
Turn   | Place    | Note
-------+----------+-------------------------------------------
     0 | D:1      | Linguinho the Deep Elf Necromancer began the quest for the Orb.
     0 | D:1      | Reached XP level 1. HP: 10/10 MP: 6/6
     9 | D:1      | Reached skill level 5 in Necromancy
   390 | D:1      | Reached XP level 2. HP: 10/15 MP: 1/8
   393 | D:1      | Learned a level 1 spell: Animate Skeleton
  1313 | D:2      | Reached XP level 3. HP: 11/19 MP: 3/10
  1537 | D:2      | Found a sacrificial altar of Ru.
  1934 | D:2      | Found an iron altar of Okawaru.
  1935 | D:2      | Found a bloodstained altar of Trog.
  2176 | D:2      | Reached XP level 4. HP: 24/24 MP: 10/12
  2185 | D:2      | Learned a level 3 spell: Regeneration
  2190 | D:2      | Learned a level 4 spell: Animate Dead
  2194 | D:2      | Learned a level 3 spell: Vampiric Draining
  2795 | D:3      | Reached skill level 5 in Spellcasting
  3080 | D:3      | Reached skill level 6 in Necromancy
  3087 | D:3      | Reached XP level 5. HP: 14/28 MP: 2/14
  3176 | D:2      | Slain by a gnoll

Skill      XL: |  1  2  3  4 |
---------------+-------------+-----
Necromancy     | 5 6 |  6.2
Spellcasting   | 4 5 |  5.3
Fighting       | |  0.1
Dodging        | |  2.7
Stealth        | |  2.4

Action                   |  1- 3 |  4- 6 || total
-------------------------+-------+-------++-------
Melee: Unarmed           |    19 |       ||    19
 Cast: Pain              |    66 |    30 ||    96
       Animate Skeleton  |    15 |       ||    15
       Animate Dead      |       |     9 ||     9
       Vampiric Draining |       |     7 ||     7
       Regeneration      |       |     1 ||     1
  Eat: Chunk             |     4 |     4 ||     8
Armor: Robe              |     5 |     2 ||     7
Dodge: Dodged            |    25 |    17 ||    42
